 BcadrenCrawl: Boulder Brew version 0.06-744-gf22570f5e0 (webtiles) character file.

Game seed: 3636658646757982406

50 LabCoat the Skirmisher (level 3, -1/49 HPs) Hill Orc Fighter. Began on Mar 6, 2023. Splashed by a jelly's acid (9 damage) ... on level 2 of the Dungeon. The game lasted 00:02:50 (756 turns).

LabCoat the Skirmisher (Hill Orc Fighter)            Turns: 756, Time: 00:02:51

Health: -1/49      AC: -5    Str: 19    XL:     3 ^: 10
Magic:  3/3        EV:  8    Int: 13    God:
Gold:   81         SH:  7    Dex: 10    Spells: 2/2 levels left

rFire    . . .     Slash    .   a - +0 war axe
rCold    + . .     Pierce   .   c - +0 heater shield
rNeg     . . .     Bludgeon .   b - +0 scale mail
rCorr    . . .     Vision   .   (no helmet)
rPois    .         Gourm    .   (no cloak)
rElec    +         Faith    .   (no gloves)
MR       +....     Spirit   .   (no boots)
HPRegen  0.26/turn Reflect  .   k - amulet of the Rabble {+Rage rElec rC+ MR+}
MPRegen  0.13/turn Harm     .   j - ring of intelligence
Stlth    ..........             (no ring)

@: corroded
A: soft flesh
a: Evoke Berserk Rage


You were on level 2 of the Dungeon.
You were not hungry.

You visited 1 branch of the dungeon, and saw 2 of its levels.

You collected 81 gold pieces.

Inventory:

Weapons
 a - a +0 war axe (weapon) Shields
 c - a +0 heater shield (shield)
Armour
 b - a +0 scale mail (worn)
Jewellery
 i - an uncursed amulet of the acrobat
 j - a ring of intelligence (left hand)
 k - the amulet of the Rabble (around neck) {+Rage rElec rC+ MR+}
   (You took it off a kobold on level 1 of the Dungeon)

   [amulet of rage]

   It protects you from cold.
   It insulates you from electricity.
   It affects your resistance to hostile enchantments.
   It lets you go berserk.
 m - an uncursed ring of magical power
 p - an uncursed ring of positive energy
Scrolls
 h - a scroll of random uselessness
 l - a scroll of teleportation
 n - a scroll of fog
Potions
 d - a potion of might
 e - a potion of lignification
 o - a potion of poison (quivered)
Comestibles
 f - a ration


   Skills:
 * Level 4.1 Fighting
 * Level 3.7 Axes & Hammers
 + Level 3.5 Armour
 + Level 0.6 Dodging
 * Level 3.7 Shields


You had 2 spell levels left.
You didn't know any spells.
Your spell library was empty.

Dungeon Overview and Level Annotations

Branches:
Dungeon (2/8)

Altars:


Innate Abilities, Weirdness & Mutations

((Your soft flesh is weak to deep cuts.
Heavy manmade armour will nullify this weakness. (rSlashing-)))


Message History

The jelly hits you but does no damage.
You hit the jelly (3).
It resists.
Your hands burn (1).
The jelly is moderately wounded. (11/15) HP You hit the ooze (3).
It resists.
You block the ooze's attack. The jelly hits you (2). The acid corrodes you!
You are splashed with acid (12)!
The ooze splashes around in the water.
You hit the jelly (1).
It resists.
Your hands burn (4).
The jelly is moderately wounded. (10/15) HP You hit the ooze (2).
It resists.
The jelly hits you (2). The acid corrodes you!
You are splashed with acid (6).
The ooze hits you (3). The jelly hits you (3).
* * * LOW HITPOINT WARNING * * *
The acid corrodes you!
You are splashed with acid (9)!
* * * LOW HITPOINT WARNING * * *
You feel better.
You drop the empty bottle.
The ooze hits you (3).
* * * LOW HITPOINT WARNING * * *
The jelly hits you (2).
* * * LOW HITPOINT WARNING * * *
You are splashed with acid (9)!
You die...

≈≈≈≈≈≈
P≈≈≈≈≈
P≈≈≈≈≈
PP≈≈≈≈PP#
PP≈≈≈≈P≈#
P≈≈≈≈≈≈P#
PP≈≈≈≈J≈#
≈P≈≈≈≈J@#
≈PP≈≈≈≈≈#


PPPPPP.# P≈PPPPP# ≈P≈ P≈ # P≈ ≈P You could see a jelly and a submerged ooze.

Vanquished Creatures
  2 giant cockroaches (D:1)
  4 bats (D:1)
  4 goblins (D:1)
  4 hobgoblins (D:1)
  5 kobolds (D:1)
  A rat (D:1)
  4 withered plants (D:2)
24 creatures vanquished.

Notes
Turn   | Place    | Note
-------+----------+-------------------------------------------
     0 | D:1      | LabCoat the Hill Orc Fighter began the quest for the Orb.
     0 | D:1      | Reached XP level 1. HP: 29/29 MP: 1/1
   213 | D:1      | Reached XP level 2. HP: 39/39 MP: 2/2
   228 | D:1      | Reached skill level 4 in Fighting
   228 | D:1      | Reached XP level 3. HP: 48/49 MP: 3/3
   258 | D:1      | Identified the amulet of the Rabble {+Rage rElec rC+ MR+}
   756 | D:2      | Splashed by a jelly's acid

Illustrated notes

Levels and vault maps discovered:
D:1:      ebering_hopf_link, layout_basic
D:2:      layout_sewer, sewer_frog_pond

Skill      XL: |  1  2 |
---------------+-------+-----
Axes & Hammers | 3 |  3.7
Fighting       | 4 |  4.1
Armour         | |  3.5
Dodging        | |  0.6
Shields        | |  3.7

Action                   || total
-------------------------++-------
Melee: War axe           ||    36
  Use: Potion            ||     1
Armor: Scale mail        ||    24
Dodge: Dodged            ||     6
Block: Heater shield     ||    15
